Map: Instalações Abandonadas

Players

IagoAbreu

  • Race: Terran Terran
  • League: Gold
  • Spawn Location: 9:00

kazel

  • Race: Zerg Zerg
  • Spawn Location: 7:00

VEGYTO - Winner!

  • Race: Terran Terran
  • Spawn Location: 3:00

Danny - Winner!

  • Race: Terran Terran
  • League: Gold
  • Spawn Location: 1:00

VOD

Have the link to the VOD?

Description

Time

  • Played on: March 11, 2018, 1:39 p.m.
  • Length: 47:00
Show
View Real Time Build Order
Export as new Build Order

IagoAbreu Terran 

Build Orders:  

Get SALT Encoding   

  12  0:06  SCV  
  13  0:25  Supply Depot  
  13  0:28  SCV, Supply Depot  
  14  0:41  SCV  
  15  0:50  Engineering Bay  
  15  0:59  SCV  
  16  1:05  Barracks  
  16  1:13  Supply Depot  
  16  1:14  SCV  
  17  1:25  Refinery  
  17  1:28  Refinery  
  17  1:31  SCV  
  18  1:44  SCV  
  19  1:58  Orbital Command  
  19  2:08  Barracks Reactor  
  19  2:29  SCV  
  20  2:49  Command Center  
  20  2:51  SCV  
  21  2:53  Marine x2  
  23  3:03  SCV  
  24  3:11  Marine x2  
  26  3:31  Factory  
  26  3:33  Factory  
  26  3:36  Marine x2  
  26  3:39  Terran Infantry Weapons Level 1  
  29  3:41  SCV  
  29  3:53  SCV  
  29  3:54  Marine x2  
  32  4:05  Orbital Command  
  32  4:11  SCV  
  33  4:23  SCV  
  34  4:31  Refinery  
  34  4:34  SCV  
  34  4:35  SCV  
  34  4:38  Refinery  
  36  4:46  SCV  
  36  4:47  SCV  
  38  5:06  Factory Tech Lab x2  
  38  5:07  Marine  
  38  5:08  Marine  
  40  5:19  Starport  
  40  5:21  Starport  
  40  5:25  Marine x2, Armory  
  40  5:28  Siege Tank x2  
  48  5:29  Armory  
  48  5:49  Supply Depot  
  48  5:52  Supply Depot  
  48  5:59  SCV  
  49  6:12  Starport Reactor x2  
  49  6:16  Supply Depot x2  
  49  6:22  Terran Vehicle Weapons Level 1  
  49  6:24  Terran Ship Weapons Level 1  
  49  6:30  Terran Infantry Armor Level 1  
  49  6:35  Liberator x2  
  58  7:30  Siege Tank x2  
  58  7:33  Marine x2  
  66  7:44  Medivac x2  
  63  7:46  Viking  
  63  7:47  Viking  
  71  7:51  Marine x2  
  71  7:54  SCV  
  74  8:06  SCV  
  75  8:18  SCV  
  76  8:30  SCV  
  76  8:31  Liberator x2  
  76  8:32  Liberator  
  77  8:54  Liberator  
  86  9:02  Supply Depot  
  86  9:03  Supply Depot  
  86  9:12  Siege Tank  
  92  9:23  Siege Tank  
  95  9:25  Supply Depot  
  95  9:26  Supply Depot  
  95  9:40  Liberator x2  
  95  9:51  Marine x2  
  97  9:55  Siege Tank x2  
  112  10:05  Medivac  
  111  10:08  Marine  
  111  10:09  Marine  
  113  10:26  Marine x2  
  113  10:27  Siege Tank  
  114  10:44  Marine x2  
  86  11:38  Marine  
  86  11:39  Marine  
  63  11:56  Marine x2  
  45  12:02  Banshee x2  
  45  12:06  Widow Mine x3  
  45  12:07  Widow Mine  
  59  12:14  Marine x2  
  61  12:19  Terran Vehicle Weapons Level 2  
  61  12:20  Terran Ship Weapons Level 2  
  61  12:23  Terran Infantry Weapons Level 2  
  61  12:28  Widow Mine x4  
  69  12:32  Marine x2  
  71  12:45  Banshee x2  
  71  12:49  Widow Mine x4  
  71  12:50  Marine x2  
  87  13:07  Marine  
  87  13:08  Marine  
  87  13:10  Widow Mine  
  87  13:11  Widow Mine x3  
  97  13:27  Marine x2  
  97  13:28  Banshee x2  
  97  13:31  Cyclone  
  97  13:32  Cyclone x3  
  117  13:45  Marine x2  
  117  13:48  Command Center  
  119  14:03  Marine x2  
  119  14:04  Cyclone  
  124  14:21  Marine x2  
  126  14:47  Marine x2, Cyclone, Banshee  
  126  14:48  Cyclone x2, Banshee  
  143  14:53  Supply Depot  
  143  14:54  Supply Depot x2  
  143  15:08  Orbital Command  
  143  15:18  Supply Depot  
  143  15:24  Refinery  
  143  15:30  Supply Depot  
  143  15:31  Supply Depot  
  143  16:01  Refinery  
  143  16:29  Marine x2  
  143  16:32  Banshee x2  
  151  16:34  Cyclone  
  151  16:35  Cyclone x3  
  151  16:38  Terran Ship Weapons Level 3  
  151  16:39  Terran Vehicle Weapons Level 3  
  163  16:46  Marine, Cloaking Field  
  163  16:47  Marine  
  165  16:56  Hyperflight Rotors  
  165  17:04  Marine x2  
  165  17:07  Cyclone x3  
  176  17:09  Cyclone  
  176  17:15  Banshee x2  
  185  17:22  Marine x2  
  187  17:56  Command Center  
  187  18:01  Banshee x2  
  199  18:10  Marine x2  
  195  18:17  Terran Infantry Weapons Level 3  
  195  18:27  Marine  
  195  18:28  Marine  
  197  18:45  Marine x2  
  199  19:03  Marine  
  200  19:23  Orbital Command  
  200  19:34  Terran Vehicle And Ship Armor Level 1  
  145  20:48  Combat Shields  
  145  20:55  Viking x2  
  149  21:05  Terran Infantry Armor Level 2  
  149  21:25  Viking x2  
  153  21:55  Viking  
  135  22:36  Hellion x2  
  135  22:37  Hellion  
  141  22:58  Hellion x3  
  147  23:19  Hellion x3  
  153  23:34  Medivac  
  151  23:40  Hellion  
  153  24:08  Refinery, Orbital Command  
  153  24:10  Refinery x3  
  153  24:30  Orbital Command  
  153  24:57  Command Center  
  122  25:54  Terran Vehicle And Ship Armor Level 2  
  122  26:31  Orbital Command  
  122  27:00  Medivac  
  122  27:01  Medivac x3  
  130  28:10  Viking x2  
  130  28:11  Viking x2  
  138  28:23  SCV  
  139  28:35  SCV  
  42  31:02  Viking x4  
  50  31:19  Widow Mine x2  
  54  31:32  Viking x4  
  58  31:38  Ghost Academy  
  62  31:40  Ghost Academy  
  62  31:41  Widow Mine x2  
  62  31:43  Ghost Academy  
  66  31:52  Terran Vehicle And Ship Armor Level 3  
  66  31:53  Terran Infantry Armor Level 3  
  66  32:02  Widow Mine x2  
  70  32:18  Barracks  
  70  32:19  Ghost  
  72  32:23  Widow Mine  
  72  32:24  Widow Mine  
  76  32:47  Ghost  
  30  34:02  SCV  
  31  34:09  Nuke  
  31  34:10  Personal Cloaking  
  31  34:14  SCV  
  32  34:26  SCV  
  34  34:38  SCV  
  42  34:50  Ghost x2, SCV  
  39  34:53  Viking x2  
  43  35:25  Widow Mine  
  43  35:26  Widow Mine  
  45  35:47  Widow Mine x2  
  49  36:48  Ghost Academy  
  49  36:49  Ghost Academy  
  49  36:57  Viking x4  
  53  37:27  Viking x4  
  55  37:37  Command Center  
  53  38:11  Nuke x2  
  51  38:29  Ghost x2  
  55  38:35  Viking x3  
  55  38:36  Viking  
  63  39:06  Orbital Command  
  63  39:11  Medivac  
  63  39:12  Viking  
  63  39:13  Viking x2  
  71  39:27  Refinery  
  31  43:30  Barracks x2  
  31  43:32  Barracks  
  31  43:33  Marine x2  
  31  43:34  Marine x2  
  34  43:38  Banshee  
  34  43:39  Banshee  
  41  43:51  Marine x3  
  41  43:52  Marine  
  45  44:09  Marine x4  
  49  44:21  Banshee x2  
  55  44:27  Marine x4  
  59  44:37  Starport x2  
  59  44:39  Barracks Reactor x3  
  59  44:41  Starport  
  59  44:45  Marine x4  
  63  45:02  Marine  
  63  45:03  Marine x3  
  64  45:09  Banshee  
  64  45:10  Banshee  
  70  45:20  Marine x3  
  70  45:21  Marine  
  73  45:26  Starport Tech Lab x3  
  73  45:28  Marine x3  
  74  45:29  Marine x3  
  80  45:38  Marine x3  
  80  45:39  Marine  
  84  45:46  Marine x5, Banshee x3  
  84  45:47  Marine  
  99  45:52  Banshee x2  
  105  46:04  Marine x3  
  105  46:08  Marine  
  105  46:09  Marine  
  109  46:12  Marine  
Show
View Real Time Build Order
Export as new Build Order

kazel Zerg 

Build Orders: Pool First 

Get SALT Encoding   

  12  0:23  Spawning Pool  
  12  0:26  Extractor  
  12  0:28  Drone  
  11  0:30  Drone  
  12  0:35  Drone  
  13  0:48  Drone  
  14  1:04  Extractor  
  13  1:11  Drone  
  13  1:13  Overlord  
  14  1:31  Queen, Overlord  
  16  2:06  Queen  
  18  3:30  Drone x5  
  18  3:31  Drone  
  24  3:41  Drone  
  24  3:42  Drone x2  
  27  4:06  Hatchery  
  26  4:12  Hatchery  
  25  4:17  Evolution Chamber  
  24  4:24  Roach Warren  
  24  4:30  Baneling Nest  
  22  4:39  Spine Crawler  
  22  4:45  Spore Crawler  
  20  4:58  Overlord  
  20  5:01  Overlord  
  20  5:15  Drone  
  20  5:16  Drone  
  22  5:31  Metabolic Boost  
  22  5:35  Zerg Melee Weapons Level 1  
  22  5:45  Drone x2  
  22  5:46  Drone  
  25  5:56  Drone x2  
  27  6:01  Drone  
  28  6:13  Lair  
  25  6:55  Roach x2  
  25  6:56  Roach x6  
  25  6:57  Roach  
  25  7:00  Zergling x2  
  44  7:05  Zergling x2  
  45  7:23  Zergling x8  
  45  7:24  Zergling x2  
  50  7:43  Queen  
  41  8:18  Queen  
  43  8:30  Drone x3  
  46  8:39  Zergling x6  
  46  8:40  Zergling x6  
  52  8:46  Overlord  
  52  8:47  Overlord x3  
  52  8:53  Glial Reconstitution  
  49  10:11  Tunneling Claws  
  44  10:55  Zerg Missile Weapons Level 1  
  44  11:00  Centrifical Hooks  
  44  11:06  Drone x3  
  44  11:07  Drone x5  
  44  11:08  Drone x5  
  44  11:09  Drone  
  46  12:17  Roach x5  
  46  12:18  Roach x5  
  46  12:19  Roach x5  
  46  12:20  Roach x4  
  84  12:40  Extractor  
  84  12:43  Extractor  
  82  12:49  Zerg Melee Weapons Level 2  
  82  12:53  Lair  
  82  12:56  Zergling x4  
  84  13:11  Overlord  
  84  13:12  Overlord x4  
  84  13:13  Overlord x3  
  84  13:48  Zergling x4  
  84  13:49  Zergling x6  
  84  13:55  Zergling x6  
  91  13:56  Zergling x8  
  96  14:20  Baneling x5  
  96  14:21  Baneling x3  
  96  14:25  Zergling x8  
  96  14:26  Zergling x2  
  102  14:31  Zergling x6  
  102  14:32  Zergling x6  
  107  14:40  Zergling x4  
  107  14:41  Zergling x2  
  110  14:51  Hatchery  
  109  15:05  Zerg Ground Armor Level 1  
  109  15:11  Spire  
  108  15:14  Hydralisk Den  
  108  15:16  Zergling x4  
  108  15:17  Zergling x6  
  112  15:24  Overlord  
  112  15:25  Overlord x2  
  112  15:34  Zergling x8  
  116  15:43  Hydralisk  
  116  15:44  Hydralisk x3  
  124  15:50  Hydralisk x5  
  134  16:24  Infestation Pit  
  133  16:30  Drone x2  
  133  16:31  Drone  
  136  16:35  Extractor  
  135  16:43  Mutalisk  
  135  16:44  Mutalisk x5  
  135  16:45  Mutalisk  
  149  16:57  Drone  
  149  16:58  Drone, Extractor  
  149  16:59  Zerg Missile Weapons Level 2  
  150  17:13  Hive  
  150  17:14  Mutalisk x2  
  150  17:15  Mutalisk x2  
  156  17:22  Hydralisk x2  
  162  17:41  Mutalisk  
  162  17:42  Mutalisk x3  
  170  18:08  Overlord x3  
  170  18:50  Ultralisk Cavern  
  169  18:56  Lair  
  169  19:09  Zerg Flyer Weapons Level 1  
  169  19:13  Mutalisk x3  
  169  19:14  Mutalisk x5  
  169  19:15  Mutalisk x2, Zerg Melee Weapons Level 3  
  189  19:29  Zergling x6  
  192  19:35  Zergling x10  
  192  19:36  Zergling x6  
  200  20:11  Baneling x4  
  200  20:12  Baneling x6  
  200  20:13  Baneling x5  
  193  21:03  Zerg Flyer Armor Level 1  
  191  21:07  Ultralisk  
  191  21:09  Zergling x4  
  198  21:20  Zergling x2  
  110  21:51  Zerg Ground Armor Level 2  
  109  22:06  Zergling x10  
  109  22:07  Zergling x10  
  109  22:08  Zergling x10  
  123  22:09  Zergling x2  
  123  22:13  Zergling x6  
  123  22:14  Zergling x10  
  123  22:15  Zergling x10  
  137  22:16  Zergling x10  
  137  22:17  Zergling x2  
  137  22:21  Ultralisk x3  
  162  23:02  Ultralisk  
  162  23:03  Ultralisk x2  
  162  23:05  Hive  
  177  23:24  Baneling x2  
  177  23:25  Baneling x5  
  177  23:26  Baneling x6  
  177  23:27  Baneling x5  
  168  23:50  Roach x5  
  168  23:51  Roach x3  
  184  24:25  Zergling x10  
  184  24:26  Zergling x4  
  184  24:30  Mutalisk x2  
  184  24:31  Mutalisk  
  195  24:34  Zergling x4  
  199  25:03  Lurker Den  
  153  25:57  Zergling x10  
  153  25:58  Zergling x10  
  162  26:15  Zergling x6  
  162  26:16  Zergling x10  
  162  26:17  Zergling x2  
  162  26:18  Roach x5  
  181  26:19  Roach x2  
  181  26:21  Roach x3  
  191  26:27  Baneling x3  
  191  26:28  Baneling x5  
  191  26:29  Baneling x5  
  191  26:30  Baneling x2  
  191  26:35  Baneling x2  
  191  26:36  Baneling x2  
  191  26:38  Baneling  
  191  27:29  Zerg Missile Weapons Level 3  
  191  28:11  Zergling x4  
  193  28:20  Hatchery  
  192  28:44  Zergling x8  
  192  28:45  Zergling x4  
  162  29:20  Baneling x5  
  162  29:21  Baneling x4  
  162  29:22  Baneling x3  
  141  30:06  Zerg Ground Armor Level 3  
  44  30:40  Roach x2  
  44  30:41  Roach x6  
  44  30:42  Roach x3  
  62  30:59  Roach x5  
  72  31:33  Extractor  
  72  31:34  Extractor  
  70  31:49  Mutalisk x3  
  76  32:20  Hydralisk x3  
  76  32:21  Hydralisk x5  
  76  32:22  Hydralisk x5  
  96  32:23  Hydralisk x4  
  96  32:26  Zergling x2  
  111  32:57  Mutalisk x2  
  115  33:10  Mutalisk  
  115  33:11  Hatchery  
  116  33:33  Zergling x6  
  116  33:34  Zergling x12  
  122  33:35  Zergling x8  
  109  34:42  Ultralisk x2  
  109  34:45  Zergling x8  
  124  34:46  Zergling x4  
  124  34:51  Zergling x4  
  124  34:52  Zergling x10  
  134  34:53  Zergling x10  
  134  34:54  Zergling x10  
  134  34:55  Zergling x2  
  145  35:09  Lair  
  136  36:03  Ravager  
  137  36:07  Ravager  
  137  36:08  Ravager x2  
  140  36:16  Ravager  
  131  36:44  Roach x2  
  131  36:45  Roach x2  
  131  36:46  Zergling x8  
  131  36:47  Zergling x8  
  147  36:56  Zergling x4  
  147  36:57  Zergling x10  
  147  36:58  Zergling x10  
  147  36:59  Zergling x2  
  160  37:04  Zergling x6  
  163  37:10  Zergling x4  
  163  37:14  Mutalisk  
  167  37:42  Baneling  
  167  37:43  Baneling x5  
  167  37:44  Baneling x3  
  167  37:47  Baneling x3  
  167  37:53  Baneling  
  167  37:57  Roach  
  154  39:01  Roach x3  
  154  39:02  Roach x6  
  172  39:03  Roach x5  
  172  39:06  Roach  
  184  39:17  Extractor  
  184  39:22  Extractor  
  182  39:24  Zergling x6  
  185  40:09  Baneling x2  
  185  40:10  Baneling x4  
  185  40:17  Baneling x2  
  36  42:20  Zergling x10  
  36  42:21  Zergling x8  
  36  42:22  Zergling x10  
  50  42:23  Zergling x8  
  50  42:24  Zergling x2  
  55  42:30  Zergling x4  
  55  42:31  Zergling x8  
  55  42:32  Zergling x2  
  62  42:38  Zergling x6  
  62  42:43  Hive  
  65  42:45  Zergling x4  
  65  42:46  Zergling x2  
  65  42:50  Zergling x4  
  65  42:51  Zergling x2  
  71  42:58  Zergling x4  
  71  42:59  Zergling x4  
  76  43:05  Zergling x4  
  76  43:06  Zergling x6  
  29  44:04  Zergling x6  
  29  44:05  Zergling x6  
Show
View Real Time Build Order
Export as new Build Order

VEGYTO Terran - Winner!

Build Orders:  

Get SALT Encoding   

  12  0:03  SCV  
  13  0:15  SCV  
  14  0:27  SCV  
  15  0:35  Supply Depot  
  15  0:48  Supply Depot  
  15  0:52  Refinery  
  15  0:57  SCV  
  16  1:06  Barracks  
  16  1:09  SCV  
  17  1:15  Supply Depot  
  17  1:21  SCV  
  18  1:31  Refinery  
  18  1:33  SCV  
  19  1:45  SCV  
  20  1:57  SCV, Barracks Reactor  
  21  2:03  Barracks  
  21  2:11  SCV  
  22  2:23  SCV  
  22  2:29  Engineering Bay  
  23  2:35  SCV  
  24  2:37  Reaper x2  
  26  2:47  SCV  
  27  2:59  SCV  
  27  3:00  Command Center  
  27  3:05  Barracks  
  28  3:08  Terran Infantry Armor Level 1  
  28  3:12  Barracks Reactor  
  28  3:25  Reaper, Refinery  
  28  3:26  Reaper  
  30  3:54  Barracks Reactor  
  30  3:57  Reaper, Factory  
  30  4:00  Orbital Command  
  31  4:03  Reaper x2  
  33  4:19  Refinery  
  33  4:28  Reaper  
  33  4:29  Reaper  
  35  4:32  Reaper  
  35  4:36  Reaper  
  37  5:01  Reaper  
  37  5:02  Terran Infantry Weapons Level 1, Reaper  
  39  5:09  Supply Depot  
  39  5:10  Factory Tech Lab  
  39  5:13  SCV  
  40  5:19  Reaper x2  
  40  5:20  Reaper  
  43  5:25  SCV  
  44  5:35  Reaper  
  45  5:37  SCV  
  46  5:46  Reaper  
  46  5:48  Reaper  
  46  5:49  SCV  
  49  5:51  Reaper  
  49  5:53  Supply Depot  
  50  6:01  SCV  
  50  6:03  Armory  
  51  6:13  SCV  
  52  6:24  Supply Depot  
  52  6:25  SCV  
  52  6:27  Reaper x2  
  52  6:28  Reaper  
  56  6:38  SCV  
  57  6:50  SCV  
  58  7:03  Reaper  
  58  7:04  Reaper  
  58  7:05  Reaper  
  61  7:17  Terran Ship Weapons Level 1, Starport  
  61  7:21  Terran Infantry Armor Level 2  
  61  7:22  Command Center  
  61  7:27  Reaper  
  62  7:31  Reaper  
  46  8:20  Marine  
  46  8:21  Marine  
  46  8:22  Marine x2  
  46  8:23  Marine x2  
  46  8:26  Starport Reactor  
  52  8:34  Armory  
  52  8:38  Marine x2  
  52  8:40  Marine x2, SCV  
  52  8:41  Marine x2  
  57  8:47  Supply Depot  
  59  8:52  SCV  
  60  8:56  Marine x2  
  60  8:57  Marine  
  60  8:58  Marine  
  60  8:59  Marine x2  
  66  9:04  SCV  
  67  9:14  Marine x2  
  67  9:16  SCV  
  64  9:28  SCV  
  64  9:31  Terran Vehicle And Ship Armor Level 1  
  60  9:32  Terran Ship Weapons Level 2  
  60  9:37  Building Armor  
  60  9:42  Siege Tank, Supply Depot  
  63  9:54  Marine  
  63  9:55  Marine  
  63  9:58  Medivac x2  
  69  10:14  Siege Tank  
  70  10:28  Medivac x2  
  61  10:58  SCV  
  44  11:16  Terran Infantry Weapons Level 2  
  44  11:17  Marine  
  44  11:18  Marine x3  
  43  11:35  Marine x2  
  43  11:36  Marine x2  
  43  11:47  Marine x2  
  43  11:53  Marine x2  
  45  11:54  Marine x2  
  46  12:04  Medivac  
  46  12:05  Marine x2, Medivac  
  52  12:11  Marine x2  
  52  12:12  Marine x2  
  56  12:22  Command Center  
  56  12:23  Marine x2  
  56  12:29  Marine x3  
  60  12:30  Marine  
  60  12:34  Orbital Command  
  62  12:40  Marine  
  63  12:46  Marine  
  63  12:47  Marine x2  
  66  13:05  Marine x2  
  68  13:33  Terran Infantry Armor Level 3  
  68  13:42  Refinery  
  68  13:45  Siege Tank  
  71  14:01  Factory  
  71  14:07  Refinery  
  74  14:17  Siege Tank  
  74  14:34  SCV  
  75  14:42  Marine  
  75  14:43  Marine x3  
  79  14:46  SCV  
  79  14:49  Siege Tank  
  83  14:54  Terran Vehicle Weapons Level 1  
  83  14:58  SCV  
  84  15:00  Marine  
  85  15:10  SCV  
  86  15:14  Terran Vehicle And Ship Armor Level 2  
  86  15:17  Medivac  
  86  15:21  Siege Tank  
  91  15:22  SCV, Factory Reactor  
  91  15:25  Factory Tech Lab  
  92  15:42  Medivac  
  94  15:47  Medivac  
  96  16:10  Siege Tank  
  99  16:39  Siege Tank  
  102  16:42  Siege Tank  
  102  16:46  Supply Depot  
  105  16:51  Missile Turret  
  105  17:11  Siege Tank  
  105  17:12  Terran Vehicle Weapons Level 2  
  105  17:14  Siege Tank  
  111  17:19  Starport  
  111  17:26  Missile Turret  
  111  17:54  Siege Tank  
  114  17:58  Starport Tech Lab  
  114  18:02  Supply Depot  
  114  18:03  Terran Ship Weapons Level 3  
  114  18:07  Terran Infantry Weapons Level 3  
  114  18:26  Siege Tank  
  117  18:47  Marine x2  
  119  18:49  Marine x2  
  119  18:50  Marine x2  
  123  18:58  Supply Depot  
  123  19:03  Supply Depot  
  123  19:05  Marine x2  
  125  19:19  Marine x4  
  125  19:23  Marine x2  
  131  19:37  Marine x2  
  133  19:40  Marine  
  133  19:41  Marine  
  110  20:07  Command Center  
  81  20:44  Hi-Sec Auto Tracking  
  68  21:02  Marine x2  
  68  21:03  Marine x3  
  68  21:04  Marine  
  53  21:20  Marine x2  
  53  21:21  Marine x4  
  59  21:38  Marine  
  59  21:39  Marine x3  
Show
View Real Time Build Order
Export as new Build Order

Danny Terran - Winner!

Build Orders: Command Center First (CC), MMM Bio 

Get SALT Encoding   

  12  0:06  SCV  
  13  0:18  SCV  
  14  0:30  SCV  
  15  0:38  Supply Depot  
  15  1:00  SCV  
  16  1:07  Command Center  
  16  1:12  SCV  
  17  1:24  SCV  
  18  1:32  Barracks  
  18  1:36  Barracks  
  18  1:38  SCV  
  19  1:50  SCV  
  20  1:56  Barracks  
  20  2:02  SCV  
  20  2:04  Refinery  
  21  2:09  Refinery  
  21  2:14  SCV  
  22  2:19  SCV  
  23  2:26  Marine, SCV  
  25  2:31  SCV  
  25  2:36  Marine  
  27  2:38  SCV  
  27  2:43  SCV  
  27  2:44  Marine  
  30  2:50  SCV  
  31  2:52  Bunker  
  31  2:54  Marine  
  31  2:57  Marine  
  33  3:00  SCV  
  33  3:02  SCV  
  35  3:06  Marine  
  35  3:12  Marine  
  36  3:14  SCV  
  36  3:16  Supply Depot  
  38  3:32  Supply Depot  
  38  3:38  Orbital Command  
  38  3:39  Orbital Command  
  38  3:42  Barracks Reactor  
  38  3:43  Barracks Tech Lab  
  38  3:46  Barracks Reactor  
  38  3:54  Supply Depot  
  38  4:01  Marine  
  39  4:03  Combat Shields  
  39  4:07  SCV  
  39  4:09  SCV  
  41  4:19  Marine x3, SCV  
  41  4:21  SCV  
  41  4:22  Marine x2  
  48  4:31  SCV  
  49  4:33  SCV  
  49  4:36  Marine x2  
  52  4:41  Factory  
  52  4:44  Marine x2  
  52  4:45  Marine, Factory  
  55  4:50  SCV  
  56  4:54  Marine x2  
  56  4:59  Engineering Bay  
  58  5:02  Marine  
  59  5:16  Marine x4  
  59  5:20  Marine  
  64  5:24  SCV, Refinery  
  64  5:26  Refinery  
  65  5:30  Engineering Bay  
  65  5:32  Supply Depot  
  65  5:36  SCV  
  65  5:37  Terran Infantry Weapons Level 1  
  65  5:38  Factory Tech Lab  
  65  5:39  Factory Tech Lab  
  66  5:44  Marine x3  
  66  5:48  SCV  
  70  5:55  Supply Depot  
  70  5:59  Terran Infantry Armor Level 1  
  70  6:00  SCV  
  70  6:01  Stimpack  
  70  6:03  Siege Tank  
  74  6:06  Siege Tank  
  77  6:13  SCV  
  77  6:18  Supply Depot  
  78  6:25  SCV  
  79  6:35  Siege Tank  
  79  6:38  Sensor Tower, Siege Tank  
  85  6:47  Sensor Tower  
  85  7:21  Marine x5  
  90  7:27  Command Center  
  90  7:35  Missile Turret  
  90  7:38  Sensor Tower  
  90  7:39  Marine x5  
  95  7:49  Armory  
  95  7:56  Siege Tank x2  
  95  7:57  Marine x5  
  106  7:58  Missile Turret  
  106  8:06  Supply Depot  
  106  8:14  SCV, Marine x2  
  106  8:17  SCV  
  110  8:26  SCV  
  111  8:29  SCV, Supply Depot  
  111  8:31  Barracks  
  111  8:33  Barracks  
  112  8:35  Barracks  
  112  8:37  Armory, Terran Infantry Armor Level 2  
  112  8:38  SCV, Terran Infantry Weapons Level 2  
  112  8:40  Terran Vehicle And Ship Armor Level 1  
  113  8:41  SCV  
  113  8:45  Orbital Command  
  114  8:54  SCV  
  115  9:10  Starport  
  115  9:12  Starport  
  115  9:20  Barracks Reactor x2  
  115  9:22  Barracks Reactor  
  115  9:26  Marine x5  
  120  9:43  Marine x2  
  120  9:44  Marine x2  
  124  9:49  Starport Reactor x2  
  124  9:54  Marine  
  124  9:57  Marine x4  
  129  10:01  Marine x3  
  129  10:02  Marine  
  133  10:11  Marine  
  134  10:15  Marine x4  
  134  10:19  Marine x4  
  142  10:29  Marine  
  142  10:32  Marine x3  
  146  10:43  Missile Turret  
  146  10:46  Missile Turret  
  146  10:52  Refinery  
  146  10:53  Refinery  
  146  11:02  Medivac  
  146  11:03  Medivac x3  
  154  11:04  Missile Turret  
  154  11:05  Marine x9  
  154  11:06  Marine x2  
  154  11:08  Bunker  
  165  11:23  Marine x8  
  173  11:26  Bunker  
  173  11:30  Marine x3  
  173  11:32  Medivac x2, Supply Depot  
  171  11:40  Bunker  
  163  11:54  Supply Depot  
  157  12:19  Terran Infantry Weapons Level 3, Terran Infantry Armor Level 3  
  157  12:22  Terran Vehicle And Ship Armor Level 2  
  157  12:23  Terran Vehicle Weapons Level 1  
  157  12:25  Marine x8  
  157  12:26  Marine x3  
  157  12:28  Siege Tank x2  
  174  12:33  Medivac  
  176  12:43  Marine x5  
  181  12:57  Barracks  
  181  12:59  Barracks  
  181  13:01  Barracks  
  181  13:33  Marine x6  
  181  13:34  Marine x5  
  192  13:51  Marine x8  
  200  14:07  Command Center  
  200  14:08  Missile Turret  
  200  14:09  Missile Turret  
  200  14:12  Missile Turret  
  200  14:17  Terran Ship Weapons Level 1  
  200  14:31  Sensor Tower  
  200  14:56  Neosteel Frame, Hi-Sec Auto Tracking  
  200  15:10  Barracks Reactor x3  
  200  15:12  Terran Vehicle And Ship Armor Level 3  
  200  15:20  Planetary Fortress  
  200  15:35  Bunker  
  200  15:39  Bunker  
  200  15:53  Building Armor  
  200  16:07  Bunker  
  200  16:11  Terran Vehicle Weapons Level 2  
  200  19:05  Terran Vehicle Weapons Level 3, Terran Ship Weapons Level 2  
  200  19:16  Orbital Command  
  194  20:48  Missile Turret  
  194  20:50  Missile Turret  
  125  21:47  Marine x11  
  125  21:48  Marine x6  
  142  22:01  Missile Turret  
  142  22:02  Missile Turret x2  
  142  22:03  Missile Turret  
  142  22:04  Missile Turret  
  142  22:05  Marine x13  
  142  22:06  Marine x4  
  142  22:07  Missile Turret  
  150  22:18  Missile Turret  
  150  22:21  Missile Turret  
  150  22:22  Missile Turret  
  142  22:23  Marine x15, Missile Turret  
  142  22:24  Marine x2, Missile Turret x2  
  142  22:25  Missile Turret, Viking x4  
  142  22:26  Missile Turret  
  142  22:27  Missile Turret  
  142  22:28  Missile Turret  
  161  22:30  Missile Turret  
  161  22:39  Missile Turret  
  161  22:40  Marine x4  
  161  22:41  Marine x13  
  161  22:42  Missile Turret  
  178  22:45  Missile Turret  
  178  22:49  Missile Turret  
  178  22:54  Missile Turret  
  178  22:55  Missile Turret, Viking x2  
  178  22:56  Missile Turret x2  
  178  22:57  Missile Turret  
  178  22:58  Marine x5, Missile Turret x2  
  182  22:59  Marine x12  
  182  23:01  Missile Turret x2  
  182  23:05  Missile Turret  
  199  23:16  Marine  
  200  23:24  Missile Turret  
  200  23:26  Missile Turret  
  200  23:27  Missile Turret  
  200  23:30  Missile Turret  
  166  25:53  Medivac x2  
  166  25:55  Marine x2  
  166  25:56  Marine x14  
  166  25:57  Marine  
  186  25:58  Orbital Command  
  187  26:13  Marine x3  
  187  26:14  Marine x10  
  200  26:49  Orbital Command  
  200  27:30  Missile Turret  
  200  27:32  Missile Turret  
  200  27:38  Missile Turret  
  200  27:44  Orbital Command  
  200  27:58  Bunker  
  200  27:59  Bunker  
  200  28:01  Bunker  
  200  28:05  Bunker  
  200  28:10  Missile Turret x2  
  200  28:31  Missile Turret  
  200  28:50  Missile Turret  
  200  28:52  Missile Turret  
  121  30:39  Marine x2  
  121  30:40  Marine x13  
  121  30:41  Marine x2  
  117  30:54  Orbital Command  
  117  30:57  Marine x4  
  117  30:58  Marine x13  
  134  31:06  Medivac x2  
  138  31:15  Marine x5  
  138  31:16  Marine x12  
  155  31:33  Marine x2  
  157  31:40  SCV, Bunker  
  157  31:41  Missile Turret  
  157  31:42  Missile Turret  
  157  31:43  Marine x3, Bunker x2  
  157  31:44  Marine x12, Missile Turret  
  157  31:45  Bunker  
  157  31:46  Missile Turret  
  173  31:47  Missile Turret  
  173  31:48  Bunker  
  173  31:51  Marine x2  
  173  31:52  SCV  
  176  32:01  Marine x7  
  176  32:02  Marine x4  
  176  32:04  SCV  
  186  32:16  SCV  
  187  32:28  SCV  
  188  32:40  SCV  
  189  32:45  Marine x3  
  189  32:46  Marine x7  
  189  32:47  Marine  
  160  34:09  Marine x12  
  161  34:10  Marine x5  
  161  34:13  Medivac  
  161  34:14  Medivac x3  
  164  34:27  Marine x6  
  164  34:29  Command Center  
  170  34:33  Missile Turret  
  170  34:43  Medivac x2  
  170  34:44  Medivac  
  176  34:53  Missile Turret  
  176  35:12  Missile Turret  
  176  35:32  Missile Turret  
  176  35:34  Missile Turret  
  176  35:44  Planetary Fortress  
  128  36:41  Marine x7  
  128  36:42  Marine x2  
  128  36:43  Medivac  
  128  36:44  Marine  
  128  36:45  Marine x7  
  147  36:50  Terran Ship Weapons Level 3  
  147  36:58  Marine x2  
  147  36:59  Marine x7  
  151  37:02  Marine x4  
  151  37:03  Marine x4  
  159  37:16  Marine x3, Orbital Command  
  159  37:17  Marine x6  
  159  37:20  Marine x7  
  159  37:21  Marine  
  176  37:34  Marine x5  
  176  37:35  Marine x4  
  185  37:38  Marine x8  
  193  37:52  Marine x4  
  197  38:05  Marine x4  
  200  38:15  Orbital Command  
  193  39:47  Command Center  
  193  40:02  Orbital Command  
  193  40:34  Command Center  
  156  40:38  Marine x2  
  156  40:39  Marine x12  
  156  40:40  Marine x3  
  146  40:56  Marine x4  
  146  40:57  Marine x13  
  163  41:11  Missile Turret  
  163  41:13  Command Center, Missile Turret  
  163  41:14  Marine x7, Missile Turret, Bunker  
  163  41:15  Marine  
  163  41:16  Missile Turret  
  163  41:18  Planetary Fortress  
  171  41:24  Marine x3  
  174  41:27  Siege Tank x2  
  164  41:53  Planetary Fortress  
  164  41:59  Siege Tank x2  
  170  42:14  Missile Turret  
  170  42:31  Siege Tank  
  170  42:32  Siege Tank, Missile Turret  
  170  42:33  Planetary Fortress  
  170  42:34  Missile Turret  
  176  43:00  Marine x12  
  176  43:01  Marine x5  
  193  43:17  Marine  
  193  43:18  Marine x6  
  152  45:24  Marine x4  
  152  45:25  Marine x13  
  169  45:42  Marine x8  
  171  45:43  Marine x9  
  186  46:00  Marine x10  
  186  46:01  Marine x4  
  200  46:10  Marine x2  
  200  46:18  Marine x4  
Tags
 
Add a new tag
Caveats
  • Supply blocks, unpowered buildings, or Contaminate may cause inaccurate times.
  • Supply counts are checked every 10 seconds.